 Dungeon Crawl Stone Soup version 0.23.0-3-gf3c87f2df8 (webtiles) character file.

Game seed: 14772004260380414839

6799 Sondor the Carver (level 10, 0/78 (80) HPs)
             Began as a Demonspawn Chaos Knight on Feb 21, 2019.
             Was a Plaything of Xom.
             Slain by a troll (14 damage)
             ... on level 10 of the Dungeon.
             The game lasted 00:24:02 (10478 turns).

Sondor the Carver (Demonspawn Chaos Knight)        Turns: 10478, Time: 00:24:03

HP:   0/78 (80)     AC:  4    Str: 24      XL:     10   Next: 76%
MP:   16/16         EV: 15    Int: 10      God:    Xom [..*...]
Gold: 543           SH:  4    Dex: 17 (20) Spells: 17/17 levels left

rFire    + . .     SeeInvis .   a - +1 falchion (chaos)
rCold    + . .     Gourm    .   o - +0 buckler
rNeg     . . .     Faith    .   E - +1 robe of Yredelemnul's Favour {rPois Regen+ Str+7 Int-5}
rPois    +         Spirit   .   (helmet restricted)
rElec    +         Reflect  .   n - +0 cloak
rCorr    .         Harm     .   (no gloves)
MR       .....                  (no boots)
Stlth    ++++......             z - amulet of magic regeneration
HPRegen  3.63/turn              g - ring of poison resistance
MPRegen  0.40/turn              p - ring of protection from fire

@: about to teleport
A: fangs 1, horns 1, talons 2, thin skeletal structure 1, agile 2, clever 1,
cold resistance 1, powered by death 2, electricity resistance, strong 1,
evolution 2, freezing cloud immunity, MP-powered wands
a: Renounce Religion


You were on level 10 of the Dungeon.
You worshipped Xom.
You were a toy of Xom.
You were very hungry.

You visited 1 branch of the dungeon, and saw 10 of its levels.

You collected 543 gold pieces.

Inventory:

Hand Weapons
 a - a +1 falchion of chaos (weapon)
Missiles
 s - a throwing net (quivered)
Armour
 m - a +5 scale mail
 n - a +0 cloak (worn)
 o - a +0 buckler (worn)
 E - the +1 robe of Yredelemnul's Favour (worn) {rPois Regen+ Str+7 Int-5}
   (You found it on level 9 of the Dungeon)

   It affects your strength (+7).
   It affects your intelligence (-5).
   It protects you from poison.
   It increases your rate of regeneration.
Jewellery
 d - an uncursed amulet of harm
 g - a ring of poison resistance (left hand)
 h - an uncursed amulet of the gourmand
 p - a ring of protection from fire (right hand)
 z - an amulet of magic regeneration (around neck)
Wands
 b - a wand of disintegration (13)
 y - a wand of clouds (4)
 A - a wand of scattershot (2)
 B - a wand of polymorph (13)
 C - a wand of iceblast (8)
 D - a wand of enslavement (8)
Scrolls
 e - 4 scrolls of magic mapping
 j - 2 scrolls of teleportation
 k - a scroll of identify
 q - a scroll of fog
 r - 5 scrolls of remove curse
 v - a scroll of blinking
 x - a scroll of amnesia
Potions
 f - a potion of curing
 i - a potion of magic {unknown}
 l - a potion of agility
 t - 2 potions of might
 u - a potion of brilliance {unknown}
 w - 2 potions of lignification
Comestibles
 c - 20 rations


   Skills:
 + Level 7.9 Fighting
 + Level 8.2 Long Blades
 + Level 4.4 Throwing
 + Level 6.3 Armour
 + Level 5.6 Dodging
 + Level 6.9 Stealth
 + Level 1.7 Shields
 + Level 4.2 Unarmed Combat
 + Level 4.3 Spellcasting
 + Level 0.8 Evocations


You had 17 spell levels left.
You didn't know any spells.
Your spell library contained the following spells:

 Spells                   Type           Power        Failure   Level  Hunger
 Sandblast                Erth           #.....       32%         1    #......
 Passwall                 Tmut/Erth      #.......     45%         2    ##.....
 Stone Arrow              Conj/Erth      #.....       69%         3    ###....
 Petrify                  Tmut/Erth      #.......     97%         4    #####..
 Lee's Rapid Deconstruct  Erth           #.........   100%        5    ######.


Dungeon Overview and Level Annotations

Branches:
Dungeon (10/15)            Temple (0/1) D:6            Lair (0/6) D:9
    Orc: D:9-12

Altars:
Cheibriados
Dithmenos
Fedhas
Nemelex Xobeh
Uskayaw
Vehumet
Wu Jian
Xom

Shops:
D:5 (   D:9 *


Innate Abilities, Weirdness & Mutations

You have razor-sharp toenails.
You have a somewhat thin skeletal structure. (Dex +2, Stealth)
Your flesh is cold resistant. (rC+)
You regenerate health from kills.
You are immune to freezing clouds.
You have very sharp teeth.
You have a pair of small horns on your head.
You are very agile. (Dex +4)
Your mind is acute. (Int +2)
You are resistant to electric shocks. (rElec)
Your muscles are strong. (Str +2)
You rapidly evolve.
You expend magic power (3 MP) to strengthen your wands.


Message History

Xom smirks.
You detect nothing.
You slash the yak!
The yak seems to speed up.
Xom thinks this is hilarious!
Your kick misses the yak.
The yak is moderately wounded.
The yak misses you. The yak gores you!
You barely miss the yak. You headbutt the yak, but do no damage.
You bite the yak.
The yak is moderately wounded.
The yak gores you!
You hit the yak.
You feel better.
You claw the yak! You headbutt the yak!
You kill the yak!
The troll bites you. The troll claws you! The troll closely misses you.
As you read the scroll of teleportation, it crumbles to dust.
You feel strangely unstable. The yak closely misses you. The troll bites you!
* * * LOW HITPOINT WARNING * * *
The troll misses you. The troll claws you!
You die...
Xom guffaws!

* ######+###.# #(# #
.....#..##.# #(###
........##.# #.#.. ,
.....(.....# #)...
...........# ######
.......8...# #.....
,...........# #.####
.........T.# #.# #.
.....###@#.# #.# #.
.....**#Y#.# * #.# #. ,
........Y$...# #.####
,............# #.##..
,............#######.##'#
*............#...........
........../.#........(..
.....###..###...........
..... ,,..# #.......)...


You could see 2 yaks and a troll.

Vanquished Creatures
  A swamp dragon (D:10)
  The ghost of Unholydonuts the Destroyer, a novice DEFE of Vehumet (D:7)
  A moth of wrath (shapeshifter) (D:8)
  A troll (D:10)
  Grinder (D:5)
  A vampire (D:8)
  3 yaks
  A hog (D:8)
  An acid dragon (D:8)
  2 orc warriors (D:8)
  Duvessa (D:4)
  A hornet zombie (D:6)
  A sky beast (shapeshifter) (D:4)
  2 sky beasts
  An ice beast (D:10)
  An eye of draining (D:9)
  2 necrophages
  4 centaurs
  7 ogres
  4 bullfrogs
  A gnoll sergeant (D:10)
  A water moccasin zombie (D:5)
  3 scorpions
  A water moccasin skeleton (D:7)
  Dowan (D:4)
  2 wights
  3 howler monkeys
  3 crimson imps
  A hound (D:7)
  A quasit (D:10)
  2 bullfrog zombies (D:10)
  2 jellies
  5 orc priests
  2 bullfrog skeletons
  A centaur skeleton (D:9)
  2 iguanas
  Jessica (D:3)
  5 orc wizards
  Natasha (thrice) (D:2)
  A worker ant (shapeshifter) (D:7)
  7 worker ants
  A hound zombie (D:7)
  A hound skeleton (D:5)
  Robin (D:2)
  10 gnolls
  A worker ant zombie (D:9)
  10 adders
  3 shadow imps
  An adder skeleton (D:5)
  5 worms
  7 dart slugs
  6 leopard geckos
  22 orcs
  5 bats
  7 giant cockroaches
  15 goblins
  12 hobgoblins
  14 jackals
  7 kobolds
  4 quokkas
  10 frilled lizards
  A jackal skeleton (D:4)
  8 rats
236 creatures vanquished.

Vanquished Creatures (others)
  A jelly (D:5)
  A hound skeleton (D:8)
2 creatures vanquished.

Grand Total: 238 creatures vanquished

Notes
Turn   | Place    | Note
-------+----------+-------------------------------------------
     0 | D:1      | Sondor the Demonspawn Chaos Knight began the quest for the
                  | Orb.
     0 | D:1      | Reached XP level 1. HP: 18/18 MP: 1/1
    59 | D:1      | Reached skill level 3 in Long Blades
    59 | D:1      | Gained mutation: You regenerate a little health from kills.
                  | [demonic ancestry]
    59 | D:1      | Reached XP level 2. HP: 16/24 MP: 2/2
   184 | D:1      | XOM: silly message
   527 | D:1      | XOM: cloud trail
   661 | D:1      | Reached XP level 3. HP: 22/29 MP: 3/3
   734 | D:1      | Reached skill level 1 in Dodging
   859 | D:1      | XOM: torment (15/29 hp)
   923 | D:1      | XOM: silly message
  1045 | D:2      | Noticed Natasha
  1048 | D:2      | XOM: potion effect (brilliance)
  1050 | D:2      | XOM: butterfly on damage
  1062 | D:2      | Killed Natasha
  1062 | D:2      | Gained mutation: Your flesh is cold resistant. (rC+)
                  | [demonic ancestry]
  1062 | D:2      | Reached XP level 4. HP: 6/35 MP: 4/4
  1104 | D:2      | XOM: mild Hex miscast
  1410 | D:2      | Noticed Robin
  1413 | D:2      | Reached skill level 5 in Long Blades
  1413 | D:2      | Gained mutation: You have sharp toenails. [demonic
                  | ancestry]
  1413 | D:2      | Reached XP level 5. HP: 47/47 MP: 4/9
  1446 | D:2      | Killed Robin
  1450 | D:2      | Reached skill level 6 in Long Blades
  1450 | D:2      | Reached skill level 5 in Armour
  1450 | D:2      | Gained mutation: You are immune to freezing clouds.
                  | [demonic ancestry]
  1450 | D:2      | Reached XP level 6. HP: 55/55 MP: 8/12
  1555 | D:2      | Noticed Natasha
  1562 | D:2      | Killed Natasha
  1618 | D:2      | Noticed Natasha
  1630 | D:2      | Killed Natasha
  1948 | D:3      | Reached XP level 7. HP: 48/60 MP: 13/13
  2073 | D:3      | Noticed Jessica
  2077 | D:3      | Killed Jessica
  2171 | D:3      | XOM: divination: magic mapping
  2378 | D:3      | You fall through a shaft!
  2425 | D:4      | Noticed Duvessa
  2425 | D:4      | Noticed Dowan
  2436 | D:4      | Killed Dowan
  2445 | D:4      | Killed Duvessa
  3181 | D:4      | Found a snail-covered altar of Cheibriados.
  3184 | D:4      | Noticed Edmund
  3193 | D:4      | Noticed Edmund
  3193 | D:4      | Edmund changed into Edmund the shapeshifter
  3193 | D:4      | Edmund the shapeshifter changed into Edmund the sky beast
  3197 | D:4      | Reached skill level 5 in Stealth
  3209 | D:4      | XOM: silly message
  3394 | D:4      | Gained mutation: You evolve. [potion of mutation]
  3394 | D:4      | Gained mutation: Your body sometimes deteriorates upon
                  | taking damage. [potion of mutation]
  3394 | D:4      | Gained mutation: You have a somewhat thin skeletal
                  | structure. (Dex +2, Stealth) [potion of mutation]
  3424 | D:4      | XOM: god gift: 24 gold pieces
  3451 | D:4      | Mutation became permanent: You have a somewhat thin
                  | skeletal structure. (Dex +2, Stealth) [demonic ancestry]
  3451 | D:4      | Gained mutation: You have a somewhat thin skeletal
                  | structure. (Dex +2, Stealth) [demonic ancestry]
  3451 | D:4      | Reached XP level 8. HP: 62/67 MP: 14/14
  3553 | D:4      | Found an ornate altar of the Wu Jian Council.
  3696 | D:5      | Entered Level 5 of the Dungeon
  3785 | D:5      | Noticed Grinder
  3807 | D:5      | XOM: destruction
  3809 | D:5      | Paralysed by Grinder for 5 turns
  3821 | D:5      | XOM: enchant monster (good)
  3824 | D:5      | Killed Grinder
  3931 | D:5      | Found Sihasiwk's Weapon Shoppe.
  3971 | D:5      | Lost mutation: Your body sometimes deteriorates upon taking
                  | damage. [evolution]
  3999 | D:5      | XOM: stat loss: -1 Int (12/13)
  4251 | D:5      | XOM: fog
  4351 | D:5      | XOM: 1-stop teleportation journey
  4360 | D:5      | XOM: confusion (+ monsters)
  4559 | D:5      | Gained mutation: Your mind is acute. (Int +2) [evolution]
  4730 | D:5      | Found a sparkling altar of Nemelex Xobeh.
  4928 | D:6      | Found a staircase to the Ecumenical Temple.
  4942 | D:6      | XOM: scenery: create altars
  5109 | D:6      | Gained mutation: You have razor-sharp toenails. [demonic
                  | ancestry]
  5109 | D:6      | Reached XP level 9. HP: 69/71 MP: 15/15
  5294 | D:6      | XOM: cloud trail
  5363 | D:6      | XOM: 1-stop teleportation journey
  5400 | D:6      | Reached skill level 7 in Long Blades
  5630 | D:6      | XOM: god gift: ration
  5927 | D:7      | XOM: scenery: create altars
  6077 | D:7      | XOM: cloud trail
  6238 | D:7      | XOM: god gift: thin pearl amulet {god gift}
  6263 | D:7      | XOM: smoke on damage
  6264 | D:7      | XOM: scenery: create altars
  6660 | D:7      | XOM: fog
  6667 | D:7      | Noticed a black mamba
  6667 | D:7      | a shapeshifter changed into a black mamba
  6669 | D:7      | a black mamba changed into a shapeshifter
  6669 | D:7      | XOM: polymorph black mamba -> shapeshifter
  6669 | D:7      | Noticed a wind drake
  6669 | D:7      | a shapeshifter changed into a wind drake
  6670 | D:7      | a wind drake changed into a shapeshifter
  6704 | D:7      | Found a runed translucent gate.
  6704 | D:7      | Found a runed translucent gate.
  6705 | D:7      | Found a runed translucent gate.
  6707 | D:7      | Noticed Unholydonuts's ghost (novice DEFE)
  6715 | D:7      | Found a blossoming altar of Fedhas.
  6740 | D:7      | XOM: cast spell 'Alistair's Intoxication'
  6757 | D:7      | Killed Unholydonuts's ghost
  6914 | D:7      | XOM: give mutations
  6914 | D:7      | Gained mutation: You are agile. (Dex +2) [Xom's grace]
  6914 | D:7      | Gained mutation: You expend magic power (3 MP) to
                  | strengthen your wands. [Xom's grace]
  6914 | D:7      | Gained mutation: You are resistant to electric shocks.
                  | (rElec) [Xom's grace]
  6914 | D:7      | Gained mutation: You are very agile. (Dex +4) [Xom's grace]
  6953 | D:7      | XOM: summons 3 hostile shadow creatures
  7186 | D:7      | XOM: harmless Ice miscast
  7298 | D:8      | Noticed a meliai
  7298 | D:8      | a shapeshifter changed into a meliai
  7303 | D:8      | Noticed a black mamba
  7303 | D:8      | a meliai changed into a black mamba
  7304 | D:8      | Noticed an eye of devastation
  7304 | D:8      | a black mamba changed into an eye of devastation
  7751 | D:8      | Found a radiant altar of Vehumet.
  7760 | D:8      | XOM: potion effect (haste)
  7989 | D:8      | Noticed a +0 dagger
  7990 | D:8      | Noticed a +0 dagger
  8085 | D:8      | Found a hide-covered altar of Uskayaw.
  8091 | D:8      | Noticed a moth of wrath
  8104 | D:8      | Killed a moth of wrath
  8104 | D:8      | Reached skill level 5 in Dodging
  8104 | D:8      | Reached skill level 1 in Shields
  8234 | D:8      | XOM: divination: magic mapping
  8286 | D:8      | Gained mutation: You regenerate health from kills. [demonic
                  | ancestry]
  8286 | D:8      | Reached XP level 10. HP: 74/79 MP: 16/16
  8302 | D:8      | XOM: harmless Tmut miscast
  8446 | D:8      | XOM: noise
  8479 | D:8      | XOM: silly message
  8527 | D:8      | XOM: potion effect (haste)
  8543 | D:8      | XOM: cleaving
  8649 | D:8      | XOM: polymorph ogre -> hog
  8660 | D:8      | XOM: summons friendly white imp
  8698 | D:8      | XOM: divination: detect items
  8734 | D:8      | Gained mutation: Your muscles are strong. (Str +2)
                  | [evolution]
  8788 | D:9      | Found Habith's Humungous Hoard.
  8885 | D:9      | XOM: enchant monster (bad)
  8890 | D:9      | XOM: cleaving
  9137 | D:9      | XOM: scenery: create altars
  9207 | D:9      | Found a shadowy altar of Dithmenos.
  9235 | D:9      | XOM: give mutations
  9235 | D:9      | Gained mutation: You have a pair of small horns on your
                  | head. [Xom's grace]
  9235 | D:9      | Gained mutation: You rapidly evolve. [Xom's grace]
  9235 | D:9      | Gained mutation: You have very sharp teeth. [Xom's grace]
  9268 | D:9      | Got a colourful robe
  9282 | D:9      | Identified the cursed +1 robe of Yredelemnul's Favour
                  | {rPois Regen+ Str+7 Int-5} (You found it on level 9 of the
                  | Dungeon)
  9668 | D:9      | Found a staircase to the Lair.
  9797 | D:10     | Entered Level 10 of the Dungeon
  9800 | D:10     | XOM: divination: magic mapping
  9859 | D:10     | XOM: god gift: scroll of teleportation
 10046 | D:10     | XOM: medium Summ miscast
 10054 | D:10     | XOM: cloud trail
 10245 | D:10     | Reached skill level 8 in Long Blades
 10279 | D:10     | XOM: summons 5 hostile demons
 10289 | D:10     | Noticed a two-headed ogre
 10295 | D:10     | XOM: swap monsters
 10297 | D:10     | Noticed a swamp dragon
 10297 | D:10     | a two-headed ogre changed into a swamp dragon
 10307 | D:10     | Killed a swamp dragon
 10413 | D:10     | XOM: mild Ice miscast
 10474 | D:10     | XOM: divination: detect items
 10478 | D:10     | Slain by a troll

Skill      XL: |  1  2  3  4  5  6  7  8  9 10 |
---------------+-------------------------------+-----
Long Blades    | 3 5 6 7 8 |  8.2
Armour         | 2 4 5 6 |  6.3
Dodging        | 1 3 4 5 |  5.6
Fighting       | 6 7 |  7.9
Throwing       | 3 4 |  4.4
Stealth        | 3 4 5 6 |  6.9
Unarmed Combat | 3 4 |  4.2
Spellcasting   | 3 4 |  4.3
Shields        | 1 |  1.7
Evocations     | |  0.8

Action                   |  1- 3 |  4- 6 |  7- 9 | 10-12 || total
-------------------------+-------+-------+-------+-------++-------
Melee: Falchion          |    85 |   121 |   471 |   158 ||   835
       Kick              |       |    31 |   201 |    83 ||   315
       Punch             |       |     1 |     3 |       ||     4
       Headbutt          |       |       |       |    35 ||    35
       Bite              |       |       |       |    17 ||    17
Evoke: Wand              |       |       |     7 |     4 ||    11
  Use: Scroll            |     1 |     3 |    16 |     6 ||    26
       Potion            |       |     2 |     3 |       ||     5
 Stab: Paralysed         |       |     1 |     8 |     2 ||    11
       Confused          |       |     1 |     2 |     1 ||     4
       Sleeping          |       |       |    18 |     7 ||    25
       Petrified         |       |       |     5 |     2 ||     7
       Distracted        |       |       |     1 |     1 ||     2
       Petrifying        |       |       |       |     1 ||     1
  Eat: Chunk             |       |     3 |    10 |     7 ||    20
       Ration            |       |       |     3 |       ||     3
Armor: Leather armour    |    24 |    23 |       |       ||    47
       Scale mail        |       |    38 |   188 |    29 ||   255
       Robe              |       |       |       |    26 ||    26
Dodge: Dodged            |    45 |    81 |   208 |    84 ||   418
Block: Buckler           |       |       |    34 |    31 ||    65
       Rpst.: Falchion   |    18 |    37 |    72 |    20 ||   147
